 Dungeon Crawl Stone Soup version 0.27-a0-277-g024f7ef292 (webtiles) character file.

Game seed: 13694791096185663792

39274 Borgoz the Fighter (level 14, -4/141 HPs)
             Began as a Gargoyle Berserker on Feb 5, 2021.
             Was a High Priest of Trog.
             Splashed by a brown very ugly thing's acid (7 damage)
             ... on level 15 of the Dungeon.
             The game lasted 00:23:02 (16111 turns).

Borgoz the Fighter (Gargoyle Berserker)            Turns: 16111, Time: 00:23:02

Health: -4/141     AC: 18    Str: 24    XL:     14   Next: 5%
Magic:  0/14       EV: 17    Int:  8    God:    Trog [*****.]
Gold:   1014       SH:  0    Dex: 13    Spells: 13/13 levels left

rFire    . . .     SeeInvis +   I - +4 great mace
rCold    + . .     Faith    .   (shield currently unavailable)
rNeg     + . .     Spirit   +   E - +1 chain mail "Finukh" {-Cast rElec Str+2}
rPois    ∞         Reflect  .   n - +2 helmet {SInv}
rElec    +         Harm     .   v - +0 cloak
rCorr    .         Rampage  .   e - +0 pair of gloves
Will     +....     NoCast   +   (no boots)
Stlth    ..........             D - amulet of guardian spirit
HPRegen  0.33/turn              t - ring of protection from cold
MPRegen  0.14/turn              s - +4 ring of evasion

@: berserking (expiring), marked, corroded, flying, very quick
A: big wings, negative energy resistance 1, electricity resistance, unbreathing,
petrification resistance, miasma immunity, AC +10
a: Stop Flying, Renounce Religion, Berserk, Trog's Hand, Brothers in Arms


You were on level 15 of the Dungeon.
You worshipped Trog.
Trog was extremely pleased with you.
You visited 1 branch of the dungeon, and saw 15 of its levels.
You visited the Abyss 1 time.
You also visited: Ossuary.

You collected 1014 gold pieces.

Inventory:

Hand Weapons
 C - the +3 rapier of the Blowfly {vorpal, +Inv rElec Dex-5}
   (Trog gifted it to you on level 11 of the Dungeon)

   It inflicts extra damage upon your enemies.
   It affects your dexterity (-5).
   It insulates you from electricity.
   It lets you turn invisible.
 I - a +4 great mace (weapon)
Missiles
 u - 3 throwing nets
Armour
 e - a +0 pair of gloves (worn)
 n - a +2 helmet of see invisible (worn)
 v - a +0 cloak (worn)
 y - the +1 robe of Grottiness {Will+}
   (You found it on level 9 of the Dungeon)

   It affects your willpower, your defense against some magical effects.
 E - the +1 chain mail "Finukh" (worn) {-Cast rElec Str+2}
   (You found it on level 10 of the Dungeon)

   It affects your strength (+2).
   It insulates you from electricity.
   It prevents spellcasting.
Jewellery
 f - an uncursed ring of flight
 j - an uncursed ring of positive energy
 s - a +4 ring of evasion (right hand)
 t - a ring of protection from cold (left hand)
 x - a +6 ring of intelligence
 z - an uncursed amulet of regeneration
 D - an amulet of guardian spirit (around neck)
Wands
 d - a wand of flame (39)
 k - a wand of iceblast (12)
 B - a wand of acid (19)
Scrolls
 c - 2 scrolls of enchant weapon
 h - 10 scrolls of teleportation
 i - a scroll of fear
 l - 6 scrolls of magic mapping
 m - 2 scrolls of identify
 w - a scroll of fog
 F - a scroll of enchant armour
 G - 2 scrolls of remove curse
 J - 3 scrolls of immolation {unknown}
Potions
 a - a potion of heal wounds
 b - 2 potions of berserk rage
 g - 3 potions of haste
 o - 2 potions of resistance
 p - a potion of ambrosia
 q - 2 potions of flight
 r - 4 potions of magic
 A - a potion of mutation
 H - a potion of cancellation


   Skills:
 + Level 13.2 Fighting
 + Level 12.2 Maces & Flails
 + Level 13.0 Armour
 + Level 10.3 Dodging


You had 13 spell levels left.
You didn't know any spells.
Your spell library was empty.

Dungeon Overview and Level Annotations

Branches:
Dungeon (15/15)            Temple (0/1) D:5            Lair (0/6) D:9
    Orc (0/2) D:12         Vaults (0/5) D:13        Ossuary (visited)
 Depths: D:15

Altars:
Gozag
Wu Jian

Shops:
D:13 ?


Innate Abilities, Weirdness & Mutations

You are resistant to torment.
Your stone body is resilient. (AC +10)
You are immune to poison.
Your large and strong wings let you fly indefinitely.
You resist negative energy. (rN+)
You are resistant to electric shocks. (rElec)
You can survive without breathing.
You are immune to petrification.
You are immune to miasma.


Message History

You closely miss the orc knight.
The orc knight is severely wounded.
The brown very ugly thing tail-slaps you.
You are splashed with acid!
* * * LOW HITPOINT WARNING * * *
The orc knight hits you with a +0 battleaxe!
* * * LOW HITPOINT WARNING * * *
The eight-headed hydra barely misses you.
The eight-headed hydra bites you.
* * * LOW HITPOINT WARNING * * *
The eight-headed hydra misses you. The eight-headed hydra bites you!
* * * LOW HITPOINT WARNING * * *
The eight-headed hydra misses you.
The eight-headed hydra bites you but does no damage. x3
You barely miss the eight-headed hydra.
The eight-headed hydra is almost dead.
The brown very ugly thing tail-slaps you!
* * * LOW HITPOINT WARNING * * *
The acid corrodes you!
You are splashed with acid!
You die...

#.##..##....
#.##).##)...##.
.#####.###..######..
#........##...####..$
######...###........#
##...###l.....##
#....##FY....##
##....oDpH.....
##....@uy.....
########..... ####


You could see a brown very ugly thing, a death knight (reflects damage), an
eight-headed hydra, an orc knight, a manticore, a hornet, a wyvern, an ice beast
and a bullfrog.

Vanquished Creatures
  Gastronok (D:9)
  An ettin (D:13)
  Snorg (D:14)
  Harold (D:7)
  3 hydras
  3 boulder beetles
  A centaur warrior (D:14)
  3 two-headed ogres
  3 skeletal warriors (D:11)
  4 unseen horrors
  Pikel (D:6)
  2 deep elf pyromancers
  2 ugly things
  5 cyclopes
  A manticore (D:11)
  A cane toad (shapeshifter) (D:13)
  3 gargoyles
  A freezing wraith (D:13)
  A troll (D:14)
  A hornet (D:10)
  Grinder (D:6)
  13 slime creatures
  The ghost of Philosophunculist the Grave Robber, an amateur DENe (D:5)
  Sigmund (D:6)
  A vampire (D:14)
  3 shadows
  2 wraiths
  2 water elementals (D:13)
  6 yaks (D:12)
  2 basilisks
  2 wyverns
  A steam dragon (D:9)
  7 vampire mosquitoes
  A soldier ant (D:13)
  A water moccasin (D:14)
  2 acid dragons
  Duvessa (D:5)
  2 ice beasts
  4 sky beasts
  6 ogres
  5 orc warriors
  A black bear (D:8)
  2 necrophages
  10 centaurs
  2 eyes of draining
  5 big kobolds
  2 phantoms
  12 bullfrogs
  Dowan (D:5)
  7 scorpions
  11 killer bees
  2 water moccasin skeletons
  10 wights
  3 electric eels (D:13)
  5 howler monkeys
  10 centaur zombies
  A lava snake (D:13)
  2 bullfrog zombies (D:13)
  4 centaur skeletons
  7 hounds
  4 jellies
  Crazy Yiuf (D:6)
  4 orc priests
  Ijyb (D:3)
  3 bullfrog skeletons
  5 iguanas
  12 orc wizards
  15 worker ants
  2 mummies
  3 gnolls (D:4)
  A worker ant zombie (D:10)
  18 adders
  A howler monkey skeleton (D:6)
  3 shadow imps
  A white imp (D:10)
  An ufetubus (D:9)
  An ooze (D:4)
  3 adder skeletons
  3 worms
  A dart slug (D:1)
  8 leopard geckos
  46 orcs
  3 giant cockroaches
  3 goblins
  10 hobgoblins
  20 jackals
  25 kobolds
  3 quokkas
  A ball python (D:5)
  14 bats
  3 frilled lizards (D:2)
  7 gnoll skeletons (Ossuary)
  6 kobold skeletons (Ossuary)
  12 orc skeletons (Ossuary)
  A quokka skeleton (D:6)
  5 rats
450 creatures vanquished.

Vanquished Creatures (collateral kills)
  Erica (D:8)
  A white imp (D:8)
2 creatures vanquished.

Vanquished Creatures (others)
  A wizard (D:14)
  A kobold (D:12)
  4 fungi (D:9)
  2 plants (D:9)
8 creatures vanquished.

Grand Total: 460 creatures vanquished

Notes
Turn   | Place    | Note
-------+----------+-------------------------------------------
     0 | D:1      | Borgoz the Gargoyle Berserker began the quest for the Orb.
     0 | D:1      | Reached XP level 1. HP: 14/14 MP: 1/1
   164 | D:1      | Reached XP level 2. HP: 17/19 MP: 2/2
   656 | D:1      | Reached ** piety under Trog
   657 | D:1      | Reached XP level 3. HP: 23/23 MP: 3/3
  1087 | D:2      | Reached XP level 4. HP: 29/29 MP: 4/4
  2032 | D:3      | Reached XP level 5. HP: 21/33 MP: 5/5
  2069 | D:3      | Reached *** piety under Trog
  2426 | D:3      | Noticed Ijyb
  2468 | D:3      | Killed Ijyb
  2469 | D:3      | Reached XP level 6. HP: 33/39 MP: 6/6
  3133 | D:4      | Reached skill level 5 in Fighting
  3336 | D:4      | Reached XP level 7. HP: 44/44 MP: 7/7
  3520 | D:4      | Reached **** piety under Trog
  3691 | D:5      | Entered Level 5 of the Dungeon
  3734 | D:5      | Found a staircase to the Ecumenical Temple.
  3783 | D:5      | Noticed Dowan
  3783 | D:5      | Noticed Duvessa
  3803 | D:5      | Killed Duvessa
  3804 | D:5      | Reached skill level 5 in Maces & Flails
  3812 | D:5      | Reached skill level 5 in Armour
  3819 | D:5      | Killed Dowan
  3858 | D:5      | Reached XP level 8. HP: 48/51 MP: 8/8
  3912 | D:5      | Found a sand-covered staircase.
  3923 | Ossuary  | Entered an ossuary
  3923 | Ossuary  | Noticed a wraith
  3923 | Ossuary  | Noticed a wraith
  3923 | Ossuary  | Noticed a wraith
  3997 | Ossuary  | Noticed a wraith
  4034 | Ossuary  | Killed a wraith
  4588 | D:5      | Found a runed translucent gate.
  4588 | D:5      | Found a runed translucent gate.
  4588 | D:5      | Found a runed translucent gate.
  4588 | D:5      | Noticed Philosophunculist's ghost (amateur DENe)
  4589 | D:5      | Identified the +5 short sword "Wughischa" {venom, Dex+4}
  4644 | D:5      | Killed Philosophunculist's ghost
  4848 | D:6      | Noticed Pikel
  4851 | D:6      | Noticed Sigmund
  4867 | D:6      | Killed Pikel
  4868 | D:6      | Reached skill level 5 in Dodging
  4868 | D:6      | Reached XP level 9. HP: 45/57 MP: 9/9
  4918 | D:6      | Killed Sigmund
  4951 | D:6      | Reached ***** piety under Trog
  5419 | D:6      | Noticed Grinder
  5430 | D:6      | Killed Grinder
  5513 | D:6      | You fall into a shaft and drop 1 floor!
  5552 | D:7      | Noticed Harold
  5580 | D:7      | Killed Harold
  5581 | D:7      | Reached XP level 10. HP: 30/65 MP: 10/10
  6165 | D:6      | Found a runed translucent door.
  6166 | D:6      | Noticed Crazy Yiuf
  6245 | D:6      | Killed Crazy Yiuf
  6843 | D:8      | Noticed Erica
  6882 | D:8      | Killed Erica
  7211 | D:8      | Received a gift from Trog
  7265 | D:8      | Found an opulent altar of Gozag.
  7733 | D:9      | Found a staircase to the Lair.
  7815 | D:9      | Got a dull robe
  7826 | D:9      | Identified the +1 robe of Grottiness {Will+} (You found it
                  | on level 9 of the Dungeon)
  7919 | D:9      | Found an ornate altar of the Wu Jian Council.
  8029 | D:9      | Noticed Gastronok
  8043 | D:9      | Killed Gastronok
  8044 | D:9      | Reached XP level 11. HP: 72/72 MP: 8/11
  8440 | D:10     | Entered Level 10 of the Dungeon
  8505 | D:10     | Reached skill level 10 in Fighting
  8588 | D:10     | Got a crude chain mail
  8599 | D:10     | Identified the +1 chain mail "Finukh" {-Cast rElec Str+2}
                  | (You found it on level 10 of the Dungeon)
  9167 | D:11     | Noticed a boulder beetle
  9186 | D:11     | Noticed an unseen horror
  9199 | D:11     | Killed an unseen horror
  9200 | D:11     | Reached skill level 10 in Armour
  9316 | D:11     | Killed a boulder beetle
  9588 | D:11     | Noticed a manticore
  9595 | D:11     | Killed a manticore
  9934 | D:11     | Received a gift from Trog
  9935 | D:11     | Noticed a green ugly thing
  9937 | D:11     | Got a buzzing rapier {god gift}
  9951 | D:11     | Killed a green ugly thing
  9967 | D:11     | Identified the +3 rapier of the Blowfly {vorpal, +Inv rElec
                  | Dex-5} (Trog gifted it to you on level 11 of the Dungeon)
  9987 | D:11     | Noticed an unseen horror
 10001 | D:11     | Killed an unseen horror
 10061 | D:11     | Noticed a skeletal warrior
 10063 | D:11     | Noticed a skeletal warrior
 10065 | D:11     | Noticed a skeletal warrior
 10100 | D:11     | Killed a skeletal warrior
 10101 | D:11     | Reached skill level 10 in Maces & Flails
 10101 | D:11     | Reached XP level 12. HP: 26/79 MP: 4/12
 10976 | D:12     | Noticed a four-headed hydra
 10987 | D:12     | Killed a four-headed hydra
 11278 | D:12     | Noticed a two-headed ogre
 11287 | D:12     | Killed a two-headed ogre
 11398 | D:12     | HP: 3/80 [cyclops (11)]
 11414 | D:12     | HP: 2/80 [cyclops/large rock (22)]
 11903 | D:12     | Found a staircase to the Orcish Mines.
 12151 | D:12     | Noticed a two-headed ogre
 12159 | D:12     | Killed a two-headed ogre
 12164 | D:12     | Reached XP level 13. HP: 86/86 MP: 11/13
 12958 | D:13     | Received a gift from Trog
 13274 | D:13     | Found Evulaopt's Magic Scroll Boutique.
 13374 | D:13     | Noticed an ettin
 13389 | D:13     | Killed an ettin
 13753 | D:13     | Found a gate to the Vaults.
 14692 | D:14     | Reached skill level 10 in Dodging
 14881 | D:14     | Noticed Snorg
 14893 | D:14     | Killed Snorg
 15536 | D:14     | Cast into level 3 of the Abyss (a wizard)
 15551 | D:14     | Escaped the Abyss
 15709 | D:14     | Gained mutation: Your large and strong wings let you fly
                  | indefinitely. [Gargoyle growth]
 15709 | D:14     | Reached XP level 14. HP: 94/94 MP: 14/14
 16004 | D:15     | Entered Level 15 of the Dungeon
 16068 | D:15     | Noticed a brown very ugly thing
 16111 | D:15     | HP: 3/141 [brown very ugly thing (12)]
 16111 | D:15     | Splashed by a brown very ugly thing's acid

Illustrated notes

Levels and vault maps discovered:
D:1:      amcnicky_arrival_gap_in_the_tavern_cellar, layout_basic,
          hangedman_feature_mirror
D:2:      layout_basic
D:3:      layout_basic, uniq_ijyb
D:4:      layout_basic
D:5:      layout_rooms, minmay_temple_entry_overgrown,
          gammafunk_ghost_nasty_kobolds, gup_ossuary_entry_pyramid, uniq_duvessa
D:6:      layout_rooms, minmay_alternating_orb, uniq_grinder, uniq_sigmund,
          uniq_crazy_yiuf_cottage, uniq_pikel
D:7:      layout_loops_cross, uniq_harold
D:8:      layout_loops_ring, nicolae_gozag_cash_rules_everything_around_me,
          uniq_erica
D:9:      layout_basic, nzn_wu_jian_council_hall, dpeg_oklobed_lair,
          amcnicky_mini_corridor_feature, uniq_gastronok
D:10:     layout_loops_ring
D:11:     layout_gridville
D:12:     layout_small_grid, orc_0_dummy, palyth_stone_intersect
D:13:     layout_basic, david_vaults_4, serial_shops, kennysheep_mini,
          fountainhead, kennysheep_small_spiral, due_unseen_surprise
D:14:     layout_irregular_city, serial_park_gazebo
          [serial_park_minivault_5x5_8], hangedman_decor_clover_reticule,
          uniq_snorg
D:15:     grunt_enter_depths_snipers, layout_loops_ring,
          nicolae_tso_swordbearing_angel, minmay_mirror_moons_of_madness

Skill      XL: |  1  2  3  4  5  6  7  8  9 10 11 12 13 14 |
---------------+-------------------------------------------+-----
Dodging        | 2 3 5 6 7 8 9 10 | 10.3
Armour         | 3 4 5 6 8 9 10 11 12 13 | 13.0
Fighting       | 4 5 7 8 9 10 12 13 | 13.2
Maces & Flails | 4 5 6 7 9 10 11 12 | 12.2

Action                   |  1- 3 |  4- 6 |  7- 9 | 10-12 | 13-15 || total
-------------------------+-------+-------+-------+-------+-------++-------
Melee: Mace              |    78 |    98 |       |       |       ||   176
       Flail             |       |   153 |   466 |   142 |       ||   761
       Morningstar       |       |       |       |   609 |    83 ||   692
       Great mace        |       |       |       |       |   331 ||   331
Invok: Berserk           |       |     4 |     7 |    16 |     7 ||    34
       Trog's Hand       |       |     1 |     4 |     3 |       ||     8
       Brothers in Arms  |       |       |       |     1 |       ||     1
 Abil: Fly               |       |       |       |       |     1 ||     1
  Use: Scroll            |     4 |     4 |    10 |     8 |     1 ||    27
       Potion            |       |     1 |     1 |     7 |       ||     9
 Stab: Invisible         |       |       |       |     6 |       ||     6
Armor: Animal skin       |    39 |    74 |       |       |       ||   113
       Skin              |       |     6 |       |       |       ||     6
       Ring mail         |       |   142 |   238 |    71 |       ||   451
       Robe              |       |       |       |    28 |       ||    28
       Chain mail        |       |       |       |   252 |   316 ||   568
Dodge: Dodged            |    49 |   293 |   365 |   748 |   450 ||  1905

Table legend: (Time is in decaauts)
 A = Elapsed time spent in this place.
 B = Non-inter-level travel time spent in this place.
 C = Inter-level travel time spent in this place.
 D = Time resting spent in this place.
 E = Time spent auto-exploring this place.
 F = Levels seen in this place.
 G = Mean time per level.
                   A        B        C        D        E       F      G
               +--------+--------+--------+--------+--------+-----+--------+
         Total |  16574 |  16087 |    487 |   2486 |   9598 |  17 |  974.9 |
       Dungeon |  16254 |  15767 |    487 |   2483 |   9424 |  15 | 1083.6 |
         Abyss |     14 |     14 |      0 |      0 |      0 |   1 |   14.0 |
       Ossuary |    304 |    304 |      0 |      2 |    174 |   1 |  304.0 |
               +--------+--------+--------+--------+--------+-----+--------+

Top non-repeatable levels by time:
    D:11: 2240 daAuts
    D:13: 2033 daAuts
    D:14: 1722 daAuts
     D:3: 1290 daAuts
    D:12: 1085 daAuts
     D:7: 1016 daAuts
     D:6: 1000 daAuts
     D:1: 963 daAuts
     D:9: 898 daAuts
     D:5: 872 daAuts
     D:2: 776 daAuts
     D:4: 771 daAuts
     D:8: 769 daAuts
    D:10: 710 daAuts
 Ossuary: 304 daAuts
